 Dungeon Crawl Stone Soup version 0.30-a0-800-g7c544603b3 (webtiles) character file.

Game seed: 10503703295926518384

16737 xian the Destroyer (level 12, -7/85 HPs)
             Began as a Demonspawn Conjurer on Feb 22, 2023.
             Was an Elder of Sif Muna.
             Engulfed by a cloud of freezing vapour (17 damage)
             ... in an ice cave.
             The game lasted 00:43:41 (16103 turns).

xian the Destroyer (Demonspawn Conjurer)           Turns: 16103, Time: 00:43:41

Health: -7/85      AC: 15    Str: 12    XL:     12   Next: 12%
Magic:  17/33      EV: 11    Int: 24    God:    Sif Muna [****..]
Gold:   858        SH: 15    Dex: 11    Spells: 10/27 levels left

rFire   . . .      SeeInvis +    Q - +5 whip of the Eel {elec, MP+9 Str+3 SInv Stlth+}
rCold   . . .      Faith    .    T - +0 kite shield
rNeg    . . .      Spirit   .    K - +0 troll leather armour
rPois   .          Reflect  .    f - +1 hat
rElec   .          Harm     .    p - +1 cloak {Will+}
rCorr   .          Rampage  .    (no gloves)
Will    +....                    C - +0 pair of boots
Stlth   +++                      x - amulet of regeneration
HPRegen 1.94/turn                i - ring of wizardry
MPRegen 0.23/turn                S - +4 ring of protection

@: studying Shields
A: antennae 2, rugged brown scales 2, spiny 3, condensation shield
a: Renounce Religion, Channel Magic, Forget Spell, Divine Exegesis


You were in an ice cave.
You worshipped Sif Muna.
Sif Muna was greatly pleased with you.
You visited 3 branches of the dungeon, and saw 14 of its levels.
You also visited: Bailey and Ice Cave.

You collected 1647 gold pieces.
You spent 789 gold pieces at shops.

Inventory:

Hand Weapons
 q - a +3 quarterstaff of chaos
 t - a +2 heavy flail
 O - a +3 arbalest
 Q - the +5 whip of the Eel (weapon) {elec, MP+9 Str+3 SInv Stlth+}
   (You found it on level 9 of the Dungeon)

   Str:       It affects your strength (+3).
   MP:        It affects your magic capacity (+9).
   SInv:      It lets you see invisible.
   Stlth:     It makes you more stealthy.
Missiles
 D - 2 throwing nets
 W - 5 boomerangs of dispersal
Armour
 f - a +1 hat (worn)
 p - a +1 cloak of willpower (worn)
 A - a +1 chain mail of cold resistance
 C - a +0 pair of boots (worn)
 K - a +0 troll leather armour (worn)
 P - the +1 robe of a Gauntlet {Contam Harm MP+9 Int+4}
   (You found it on level 9 of the Dungeon)

   Int:       It affects your intelligence (+4).
   MP:        It affects your magic capacity (+9).
   Contam:    It causes magical contamination when unequipped.
   Harm:      It increases damage dealt and taken.
 T - a +0 kite shield (worn)
Magical Staves
 E - a staff of conjuration
Jewellery
 i - a ring of wizardry (left hand)
 x - an amulet of regeneration (around neck)
 y - a +6 ring of strength
 M - a ring of willpower
 N - a ring of fire
 S - a +4 ring of protection (right hand)
 X - a +4 ring of protection
Wands
 d - a wand of flame (34)
 k - a wand of roots (19)
 u - a wand of quicksilver (4)
 F - a wand of paralysis (16)
 G - a wand of polymorph (4)
 I - a wand of digging (7)
Scrolls
 a - a scroll of brand weapon
 c - 2 scrolls of immolation
 h - 3 scrolls of enchant armour
 l - 2 scrolls of teleportation
 n - 4 scrolls of magic mapping
 r - 4 scrolls of vulnerability
 s - 2 scrolls of fog
 w - 2 scrolls of poison {unknown}
 z - a scroll of enchant weapon
 B - 3 scrolls of fear {unknown}
 H - 4 scrolls of blinking
 L - 2 scrolls of torment
 Y - a scroll of amnesia {unknown}
Potions
 b - a potion of flight {unknown}
 e - 7 potions of curing {unknown}
 g - a potion of invisibility {unknown}
 j - 3 potions of degeneration {unknown}
 m - a potion of brilliance {unknown}
 o - 2 potions of mutation {unknown}
 v - 2 potions of berserk rage {unknown}
 J - 4 potions of heal wounds {unknown}
 U - a potion of lignification {unknown}
 V - a potion of magic
 Z - a potion of ambrosia {unknown}
Miscellaneous
 R - a phantom mirror


   Skills:
 + Level 3.2 Fighting
 + Level 1.0 Short Blades
 + Level 1.4 Staves
 + Level 4.7 Armour
 + Level 5.1 Dodging
 + Level 4.0 Stealth
 * Level 10.6 Shields
 + Level 8.1 Spellcasting
 * Level 11.0 Conjurations
 + Level 1.0 Translocations
 * Level 5.3 Fire Magic
 + Level 0.8 Evocations


You had 10 spell levels left.
You knew the following spells:

 Your Spells              Type           Power      Damage    Failure   Level
a - Magic Dart            Conj           100%       1d8       1%          1
b - Searing Ray           Conj           100%       2d8       1%          2
c - Iskenderun's Mystic   Conj/Tloc      38%        2d9       6%          4
d - Starburst             Conj/Fire      24%        6d8       34%         6
e - Flame Wave            Conj/Fire      49%        2d12      2%          4

Your spell library contained the following spells:

 Spells                   Type           Power      Damage    Failure   Level
 Scorch                   Fire           70%        2d8       1%          2
 Dazzling Flash           Conj/Hex       72%        N/A       2%          3
 Apportation              Tloc           28%        N/A       4%          1
 Necrotise                Necr           36%        1d5       8%          1
 Slow                     Hex            36%        N/A       8%          1
 Sting                    Tmut/Pois      36%        1d4       8%          1
 Summon Small Mammal      Summ           36%        N/A       8%          1
 Fulminant Prism          Conj/Hex       18%        3d10      8%          4
 Poisonous Vapours        Pois/Air       18%        N/A       11%         2
 Portal Projectile        Hex/Tloc       24%        N/A       17%         3
 Call Canine Familiar     Summ           9%         N/A       21%         3
 Summon Guardian Golem    Hex/Summ       9%         N/A       21%         3
 Tukima's Dance           Hex            9%         N/A       21%         3
 Animate Dead             Necr           9%         N/A       54%         4
 Olgreb's Toxic Radiance  Pois           9%         N/A       54%         4
 Summon Forest            Summ/Tloc      6%         N/A       82%         5
 Blade Hands              Tmut           4%         N/A       86%         5
 Yara's Violent Unravell  Hex/Tmut       4%         3d4       86%         5
 Eringya's Noxious Bog    Tmut/Pois      4%         N/A       100%        6
 Summon Cactus Giant      Summ           4%         N/A       100%        6
 Haunt                    Necr/Summ      4%         N/A       100%        7
 Summon Hydra             Summ           4%         N/A       100%        7
 Discord                  Hex            4%         N/A       100%        8
 Infestation              Necr           4%         N/A       100%        8


Dungeon Overview and Level Annotations

Branches:
Dungeon (12/15)            Temple (1/1) D:5            Lair (1/5) D:10
 Bailey (visited)           IceCv (1/1)
    Orc: D:9-12

Altars:
Ashenzari
Cheibriados
Dithmenos
Fedhas
Hepliaklqana
Kikubaaqudgha
Nemelex Xobeh
Okawaru
Qazlal
Sif Muna
Trog
Vehumet
Wu Jian
Xom
Yredelemnul

Shops:
D:1 *   D:3 *   D:11 :

Portals:
Trove: D:11 (give +3 shadow dragon scales)

Annotations:
IceCv exclusion: ice statue


Innate Abilities, Weirdness & Mutations

You have a pair of antennae on your head.
You are mostly covered in rugged brown scales. (AC +2, +5% HP)
You are completely covered in sharp spines.
A meltable shield of frost defends you. (SH +4)


Message History

The ice beast disappears in a puff of smoke!
The ice statue gestures.
A wave of flame ripples out!
The flame wave engulfs the ice statue!
The ice statue melts!
The ice statue is almost destroyed.
You finish channelling waves of flame.
The ice statue gestures at you. The freezing blast engulfs you!
You are engulfed in freezing vapours.
The ice statue gestures at you. The bolt of cold hits you!!
The ice statue glitters chillingly in the dim dungeon light.
Casting: Flame Wave (dangerous; 2% risk of failure)
Confirm with . or Enter, or press ? or * to list all spells.
Casting: Flame Wave (dangerous; 2% risk of failure)
Press: ? - help, Dir - look around, f - activate A wave of flame ripples out!
You hear a sizzling sound!
The flame wave engulfs the ice statue!
The ice statue melts!
The ice statue is almost destroyed.
You hear a sizzling sound! x5 (Press . to intensify the flame waves.)
You are engulfed in freezing vapours.
* * * LOW HITPOINT WARNING * * *
A wave of flame ripples out!
The flame wave engulfs the ice statue but does no damage.
The ice statue is almost destroyed.
You hear a sizzling sound! x3
You are engulfed in freezing vapours.
* * * LOW HITPOINT WARNING * * *
The ice statue gestures.
A wave of flame ripples out!
The flame wave engulfs the ice statue!
The ice statue melts!
You destroy the ice statue!
Sif Muna accepts your kill.
The ice beast disappears in a puff of smoke!
The flame wave engulfs the ice beast!!
The ice beast melts!
The ice beast is almost dead.
You finish channelling waves of flame.
You are engulfed in freezing vapours.
You die...

#####
##...#####
##........##
..........##
##..........#
#............
#....Y......
#.@ยง.......#
#.#....#8##
####..##
##..# ##..##
#..## #...##
##...##
##...#


You could see an ice statue and an ice beast (summoned).

Vanquished Creatures
  2 hydras (D:9)
  2 two-headed ogres
  A tengu warrior (D:9)
  An orc knight (Bailey)
  An ugly thing (D:9)
  An ice statue (IceCv)
  An unseen horror (D:10)
  A gargoyle (D:11)
  3 cane toads (Lair:1)
  A komodo dragon (Lair:1)
  An ice devil (IceCv)
  A polar bear (Lair:1)
  Grinder (D:3)
  3 trolls
  Prince Ribbit (D:5)
  2 slime creatures (D:9)
  Sigmund (D:3)
  3 wraiths
  7 yaks
  A human (shapeshifter) (D:9)
  Grum (D:11)
  A vampire mosquito (D:9)
  A steam dragon (D:9)
  2 wargs (D:10)
  Edmund (D:4)
  An acid dragon (D:11)
  7 water moccasins
  Duvessa (D:5)
  A black bear (D:4)
  An ice beast (D:7)
  A sky beast (D:6)
  16 orc warriors
  4 ogres
  2 wolves (D:11)
  10 centaurs
  Blork the orc (D:4)
  A gnoll sergeant (D:6)
  3 bullfrogs
  2 two-headed ogre simulacra (IceCv)
  A necrophage (D:4)
  5 scorpions
  9 wights
  Dowan (D:5)
  An elephant simulacrum (IceCv)
  5 killer bees
  A howler monkey (D:9)
  6 hounds
  2 gnoll boudas
  A jelly (D:5)
  Crazy Yiuf (D:3)
  7 orc priests
  2 iguanas
  13 orc wizards
  A troll simulacrum (IceCv)
  2 polar bear simulacra (IceCv)
  A mummy (D:10)
  Robin (D:2)
  12 gnolls
  9 adders
  2 shadow imps (D:8)
  14 white imps
  4 ufetubi
  2 worms (D:2)
  47 orcs
  8 ball pythons
  3 endoplasms
  8 giant cockroaches
  13 goblins
  12 hobgoblins
  5 jackals
  2 quokkas (D:4)
  6 bats
  4 frilled lizards
  8 kobolds
  7 rats
318 creatures vanquished.

Vanquished Creatures (others)
  3 fungi
  3 plants (Lair:1)
6 creatures vanquished.

Grand Total: 324 creatures vanquished

Notes
Turn   | Place    | Note
-------+----------+-------------------------------------------
     0 | D:1      | xian the Demonspawn Conjurer began the quest for the Orb.
     0 | D:1      | Reached XP level 1. HP: 13/13 MP: 3/3
   211 | D:1      | Found Oketac's Assorted Antiques.
   219 | D:1      | Bought a scroll labelled QORGHY ENGUAP for 21 gold pieces
   224 | D:1      | Gained mutation: You have a pair of small antennae on your
                  | head. [demonic ancestry]
   224 | D:1      | Reached XP level 2. HP: 19/19 MP: 1/5
   447 | D:1      | Learned a level 2 spell: Searing Ray
   718 | D:1      | Found a faded altar of an unknown god.
   990 | D:1      | Gained mutation: You are partially covered in sharp spines.
                  | [demonic ancestry]
   990 | D:1      | Reached XP level 3. HP: 24/24 MP: 2/6
  1372 | D:1      | Bought a scroll labelled PAXZEA KEOTA for 21 gold pieces
  1372 | D:1      | Bought a scroll labelled GIPSIU XAELIMISE for 21 gold
                  | pieces
  1553 | D:2      | Reached XP level 4. HP: 31/31 MP: 3/7
  1620 | D:2      | Noticed Robin
  1626 | D:2      | Killed Robin
  1641 | D:2      | Reached skill level 5 in Conjurations
  1768 | D:2      | Reached skill level 1 in Fighting
  1801 | D:2      | Gained mutation: You are partially covered in rugged brown
                  | scales. (AC +1, +3% HP) [demonic ancestry]
  1801 | D:2      | Reached XP level 5. HP: 32/38 MP: 1/8
  1944 | D:2      | Found a shimmering altar of Xom.
  2190 | D:1      | Bought 2 scrolls labelled ROUC BAEHAOM for 42 gold pieces
  2446 | D:3      | Noticed Sigmund
  2452 | D:3      | Killed Sigmund
  2453 | D:3      | Reached skill level 1 in Armour
  2453 | D:3      | Reached skill level 1 in Shields
  2453 | D:3      | Gained mutation: You have a pair of antennae on your head.
                  | [demonic ancestry]
  2453 | D:3      | Reached XP level 6. HP: 33/44 MP: 1/10
  2536 | D:3      | Noticed Grinder
  2543 | D:3      | Killed Grinder
  2681 | D:3      | Gained mutation: You are mostly covered in rugged brown
                  | scales. (AC +2, +5% HP) [demonic ancestry]
  2681 | D:3      | Reached XP level 7. HP: 44/50 MP: 7/12
  3015 | D:3      | Found Zin's Purification Station.
  3196 | D:3      | Found a runed translucent door.
  3197 | D:3      | Noticed Crazy Yiuf
  3204 | D:3      | Killed Crazy Yiuf
  3340 | D:1      | Bought 3 scrolls labelled PUMUHUT LEIGEU for 63 gold pieces
  3581 | D:4      | Learned a level 4 spell: Iskenderun's Mystic Blast
  3712 | D:4      | Noticed Edmund
  3725 | D:4      | Killed Edmund
  3726 | D:4      | Reached skill level 1 in Short Blades
  3726 | D:4      | Reached skill level 6 in Conjurations
  4015 | D:4      | Noticed Blork the orc
  4025 | D:4      | Killed Blork the orc
  4081 | D:4      | Found a basalt altar of Yredelemnul.
  4460 | D:4      | Found a shimmering altar of Xom.
  5075 | D:1      | Bought a red potion for 18 gold pieces
  5075 | D:1      | Bought a viscous pink potion for 18 gold pieces
  5146 | D:5      | Entered Level 5 of the Dungeon
  5159 | D:5      | Gained mutation: A meltable shield of frost defends you.
                  | (SH +4) [demonic ancestry]
  5159 | D:5      | Reached XP level 8. HP: 56/56 MP: 9/14
  5503 | D:5      | Noticed Prince Ribbit
  5516 | D:5      | Killed Prince Ribbit
  5848 | D:5      | Noticed Duvessa
  5850 | D:5      | Noticed Dowan
  5861 | D:5      | Killed Dowan
  5871 | D:5      | Killed Duvessa
  5872 | D:5      | Reached skill level 5 in Spellcasting
  6087 | D:5      | Found a staircase to the Ecumenical Temple.
  6092 | Temple   | Entered the Ecumenical Temple
  6130 | Temple   | Became a worshipper of Sif Muna the Loreminder
  6243 | D:5      | Reached skill level 7 in Conjurations
  6478 | D:5      | Found a stormy altar of Qazlal.
  6478 | D:5      | Found a hazy altar of Hepliaklqana.
  6479 | D:5      | Found a bloodstained altar of Trog.
  6709 | D:6      | Reached XP level 9. HP: 64/64 MP: 5/17
  7250 | D:6      | Learned a level 6 spell: Starburst
  7257 | D:6      | Found an ancient bone altar of Kikubaaqudgha.
  8108 | D:7      | Reached skill level 5 in Shields
  8175 | D:7      | Reached * piety under Sif Muna
  8180 | D:7      | Reached skill level 8 in Conjurations
  8574 | D:7      | Reached skill level 1 in Fire Magic
  8679 | D:7      | Reached skill level 1 in Staves
  8788 | D:1      | Bought an emerald ring for 105 gold pieces
  8932 | D:7      | Found a broken altar of Ashenzari.
  9354 | D:8      | Gained mutation: You are mostly covered in sharp spines.
                  | [demonic ancestry]
  9354 | D:8      | Reached XP level 10. HP: 55/71 MP: 0/19
  9376 | D:8      | Found a flagged portal.
  9385 | Bailey   | Entered a bailey
  9736 | Bailey   | Reached ** piety under Sif Muna
 10061 | Bailey   | Noticed an orc knight
 10194 | Bailey   | Identified the +8 bardiche of Karma {freeze, rF+}
 10242 | Bailey   | Killed an orc knight
 10382 | Bailey   | Acquired 866 gold pieces
 10950 | D:9      | Found an ornate altar of the Wu Jian Council.
 11129 | D:9      | Reached skill level 9 in Conjurations
 11343 | D:9      | Noticed a two-headed ogre
 11370 | D:9      | Killed a two-headed ogre
 11371 | D:9      | Reached XP level 11. HP: 39/78 MP: 1/21
 11414 | D:9      | Noticed a six-headed hydra
 11503 | D:9      | Killed a six-headed hydra
 11754 | D:9      | Noticed a seven-headed hydra
 11769 | D:9      | Killed a seven-headed hydra
 11848 | D:9      | Reached *** piety under Sif Muna
 12000 | D:9      | Found a runed translucent door.
 12004 | D:9      | Noticed a brown ugly thing
 12005 | D:9      | Identified the +5 whip of the Eel {elec, MP+9 Str+3 SInv
                  | Stlth+}
 12022 | D:9      | Killed a brown ugly thing
 12087 | D:9      | Identified the +1 robe of a Gauntlet {Contam Harm MP+9
                  | Int+4}
 12105 | D:9      | Got the Treatise on Curses
 12227 | D:9      | Noticed a tengu warrior
 12243 | D:9      | Killed a tengu warrior
 12354 | D:9      | Found a shadowy altar of Dithmenos.
 12461 | D:9      | Reached skill level 10 in Conjurations
 12469 | D:9      | a swamp worm changed into a swamp dragon
 12469 | D:9      | Noticed a swamp dragon (shapeshifter)
 12470 | D:9      | a swamp dragon changed into a shapeshifter
 13339 | D:10     | Entered Level 10 of the Dungeon
 13339 | D:10     | Noticed a two-headed ogre
 13344 | D:10     | Killed a two-headed ogre
 13345 | D:10     | Reached skill level 1 in Translocations
 13357 | D:10     | Reached skill level 5 in Dodging
 13596 | D:10     | Reached skill level 5 in Fire Magic
 13837 | D:10     | Found a snail-covered altar of Cheibriados.
 14034 | D:10     | Found a staircase to the Lair.
 14369 | D:11     | Noticed Grum
 14377 | D:11     | Reached skill level 10 in Shields
 14656 | D:11     | Found Raficweh's Book Emporium.
 14662 | D:11     | Bought a book of Scorching for 480 gold pieces
 14667 | D:11     | Learned a level 4 spell: Flame Wave
 14793 | D:11     | Found a transporter.
 14851 | D:11     | Found a transporter.
 14855 | D:11     | Found a transporter.
 14977 | D:11     | Found a portal to a secret trove of treasure.
 15121 | D:11     | Found a transporter.
 15354 | D:12     | Noticed a boulder beetle
 15429 | D:11     | Killed Grum
 15526 | Lair:1   | Entered Level 1 of the Lair of Beasts
 15623 | Lair:1   | Found a frozen archway.
 15626 | Lair:1   | Gained mutation: You are completely covered in sharp
                  | spines. [demonic ancestry]
 15626 | Lair:1   | Reached XP level 12. HP: 84/85 MP: 8/23
 15648 | Lair:1   | Reached **** piety under Sif Muna
 15670 | Lair:1   | Reached skill level 11 in Conjurations
 15789 | IceCv    | Entered an ice cave
 16103 | IceCv    | Engulfed by a cloud of freezing vapour

Illustrated notes

Levels and vault maps discovered:
D:1:      lemuel_arrival_lava_pool, layout_loops_corners,
          basic_ecumenical_altar, serial_shops, shop, corexii_hall_statues_s
D:2:      layout_basic, basic_altar, uniq_robin
D:3:      layout_rooms, elyvilon_altar_4, zin_purify, uniq_crazy_yiuf_cottage,
          uniq_grinder, uniq_sigmund
D:4:      layout_basic, mainiacjoe_overflow_catwalk, lemuel_doored_altar,
          minmay_diced_spiral, uniq_blork_the_orc, uniq_edmund
D:5:      minmay_evil_eye, layout_basic, gammafunk_temple_overflow_forgotten,
          minmay_temple_entry_nine_rooms, uniq_prince_ribbit1, uniq_duvessa
D:6:      minmay_diamond_boxcup, layout_basic,
          mainiacjoe_overflow_concentric_impassable, minmay_increasing_density
D:7:      layout_cave_pools, cheibrodos_ashenzari_chains
D:8:      layout_gridville, enter_bailey_2
D:9:      minmay_the_grid_triangle_9x9_recursive_2
          [minmay_the_grid_triangle_9x9_prize_schism,
          minmay_the_grid_triangle_9x9_subtriangle,
          minmay_the_grid_triangle_9x9_semitri,
          minmay_the_grid_triangle_9x9_flanged_cone], layout_long_grid,
          mainiacjoe_overflow_boulevard, nicolae_wu_jian_wuxing_cycle
D:10:     layout_loops_ring, slow_altar_2, erik_lair_orcish_takeover
D:11:     layout_roguey, serial_shops, shop, enter_trove_2,
          nicolae_diode_intersection, uniq_grum
D:12:     layout_stronghold, orc_0_dummy, serial_bayou, serial_bayou_pond_c,
          serial_bayou_ford_a, serial_bayou_shore_b, serial_bayou_pond_d,
          uniq_snorg, uniq_lodul, uniq_gastronok, uniq_kirke
Temple:   cyrus_temple_forest
Lair:1:   layout_regular_city, portal_ice_cave_entry_imps,
          gammafunk_ghost_arena, grunt_megastairs_5, lemuel_fruit_tree,
          uniq_sonja
IceCv:    ice_cave_small_demon

Skill      XL: |  1  2  3  4  5  6  7  8  9 10 11 12 |
---------------+-------------------------------------+-----
Dodging        | 2 3 4 5 |  5.1
Stealth        | 2 3 4 |  4.0
Conjurations   | 5 6 7 8 9 10 11 | 11.0
Fighting       | 1 2 3 |  3.2
Armour         | 1 2 3 4 |  4.7
Shields        | 1 2 3 4 6 8 10 | 10.6
Spellcasting   | 3 4 5 6 7 8 |  8.1
Short Blades   | 1 |  1.0
Fire Magic     | 1 3 5 |  5.3
Staves         | 1 |  1.4
Translocations | 1 |  1.0
Evocations     | |  0.8

Action                     |  1- 3 |  4- 6 |  7- 9 | 10-12 || total
---------------------------+-------+-------+-------+-------++-------
  Melee: Dagger            |    37 |    14 |     5 |       ||    56
         Flail             |       |       |     2 |       ||     2
         Staff             |       |       |    26 |    17 ||    43
         Whip              |       |       |       |    22 ||    22
   Cast: Magic Dart        |    46 |    31 |   146 |   116 ||   339
         Searing Ray       |     1 |     9 |    60 |   117 ||   187
         Iskenderun's Myst |       |       |     1 |    13 ||    14
         Flame Wave        |       |       |       |     9 ||     9
  Evoke: Wand              |       |       |       |     9 ||     9
    Use: Scroll            |     5 |       |     6 |     4 ||    15
         Potion            |       |       |     1 |       ||     1
 Armour: Robe              |    19 |       |       |       ||    19
         Leather armour    |       |     5 |    41 |    46 ||    92
         Troll leather arm |       |       |       |    48 ||    48
  Dodge: Dodged            |    48 |    14 |    70 |   137 ||   269
  Block: Buckler           |       |     1 |    74 |    87 ||   162
         Kite shield       |       |       |       |   113 ||   113

Table legend: (Time is in decaauts)
 A = Elapsed time spent in this place.
 B = Non-inter-level travel time spent in this place.
 C = Inter-level travel time spent in this place.
 D = Time resting spent in this place.
 E = Time spent auto-exploring this place.
 F = Levels seen in this place.
 G = Mean time per level.
                   A        B        C        D        E       F      G
               +--------+--------+--------+--------+--------+-----+--------+
         Total |  16134 |  14910 |   1224 |    812 |  11152 |  16 | 1008.4 |
       Dungeon |  14488 |  13285 |   1203 |    617 |  10256 |  12 | 1207.3 |
        Temple |     62 |     41 |     21 |      0 |      0 |   1 |   62.0 |
          Lair |    266 |    266 |      0 |    105 |     25 |   1 |  266.0 |
        Bailey |   1003 |   1003 |      0 |     41 |    692 |   1 | 1003.0 |
      Ice Cave |    313 |    313 |      0 |     49 |    179 |   1 |  313.0 |
               +--------+--------+--------+--------+--------+-----+--------+

Top non-repeatable levels by time:
     D:9: 2389 daAuts
     D:4: 1620 daAuts
     D:1: 1614 daAuts
     D:6: 1581 daAuts
     D:5: 1341 daAuts
    D:11: 1147 daAuts
     D:2: 1128 daAuts
    D:10: 1039 daAuts
  Bailey: 1003 daAuts
     D:3: 930 daAuts
     D:7: 888 daAuts
     D:8: 796 daAuts
   IceCv: 313 daAuts
  Lair:1: 266 daAuts
  Temple: 62 daAuts
